 Dungeon Crawl Stone Soup version 0.31.0-1-g2c135a008e (webtiles) character file.

Game seed: 1417705701442975932

1036 qw the Shooter (level 8, -3/58 HPs)
             Began as a Djinni Hunter on Jan 24, 2024.
             Was a Follower of Okawaru.
             Slain by a wight
             ... wielding a +3 falchion
              (7 damage)
             ... on level 5 of the Dungeon.
             The game lasted 00:00:18 (4018 turns).

qw the Shooter (Djinni Hunter)                      Turns: 4018, Time: 00:00:18

Health: -3/58      AC:  6    Str: 16    XL:     8   Next: 48%
Gold:   225        EV: 15    Int: 11    God:    Okawaru [*.....] SH:  0 Dex: 19

rFire   + + .        c - +0 orcbow
rCold   x . .        (shield currently unavailable)
rNeg    + . .        b - +2 robe {rN+}
rPois   inf          g - +0 helmet
rElec   .            k - +0 cloak
rCorr   .            (no gloves)
SInv    +            (boots unavailable)
Will    .....        (no amulet)
Stlth   ++           j - +6 ring of strength
HPRegen 0.29/turn    (no ring)
MPRegen 0.00/turn

%: infuse magic (-4 HP)
@: about to teleport, flying
A: sickness immunity, fire resistance 2, cold vulnerability 1, float, innate
caster, HP casting, extra vitality 1, see invisible, MP-powered wands
a: Renounce Religion, Heroism


You were on level 5 of the Dungeon.
You worshipped Okawaru.
Okawaru was aware of your devotion.
You visited 2 branches of the dungeon, and saw 7 of its levels.

You collected 277 gold pieces.
You spent 52 gold pieces at shops.


Innate Abilities, Weirdness & Mutations

You are immune to sickness and miasma.
You are immune to poison.
Your flesh is very heat resistant. (rF++)
You are vulnerable to cold. (rC-)
You float through the air rather than walking.
You learn spells naturally, not from books.
Your magical power is your life essence.
You have superior vitality. (+4 MHP)
You have supernaturally acute eyesight. (SInv)
You expend health (3 HP) to strengthen your wands.


   Skills:
 - Level 4.4 Fighting
 + Level 6.1 Ranged Weapons
 - Level 2.4 Armour
 - Level 5.2 Dodging
 - Level 0.7 Stealth
 + Level 2.0 Invocations


You knew the following spells:

 Your Spells              Type           Power      Damage    Failure   Level
a - Sandblast             Erth           0%         2d4       34%         1
b - Momentum Strike       Conj/Tloc      0%         3d8       47%         2
c - Frozen Ramparts       Ice            0%         1d1       71%         3
Your spell library was empty.

Inventory:

Hand Weapons
 c - a +0 orcbow (weapon)
Armour
 b - a +2 robe of positive energy (worn)
 g - a +0 helmet (worn)
 k - a +0 cloak (worn)
Jewellery
 d - a ring of fire
 j - a +6 ring of strength (left hand)
Scrolls
 h - a scroll of teleportation
Potions
 e - a potion of resistance
 f - 2 potions of curing
 i - a potion of might {unknown}
 l - a potion of invisibility {unknown}
 m - a potion of haste {unknown}

Dungeon Overview and Level Annotations

Branches:
Dungeon (6/15)             Temple (1/1) D:5

Altars:
Dithmenos
Elyvilon
Gozag
Hepliaklqana
Nemelex Xobeh
Okawaru
Ru
Wu Jian
Xom

Shops:
D:2 ?


Message History

The ufetubus barely misses you. The ufetubus misses you.
You shoot an arrow. The arrow hits the ufetubus.
You kill the ufetubus!
Okawaru accepts your kill.
Done exploring.
What level of the Dungeon? (default 6, ? - help)
You fly downwards.
The wight barely misses you. The wight hits you with a +2 scimitar!
The wight hits you with a +2 scimitar. The wight barely misses you.
There is a stone staircase leading up here.
4008 ||| STAIRDANCE The wight misses you.
The wight closely misses you.
You fly upwards.
There is a stone staircase leading down here.
You shoot an arrow. The arrow hits the wight.
The wight is lightly damaged.
The wight hits you with a +3 falchion! The wight misses you.
You shoot an arrow. The arrow barely misses the wight.
The wight hits you but does no damage. The wight closely misses you.
You shoot an arrow. The arrow closely misses the wight.
The wight misses you. The wight hits you with a +2 scimitar!
You shoot an arrow. The arrow hits the wight.
The wight is moderately damaged.
The wight hits you with a +3 falchion. The wight hits you with a +2 scimitar.
The wight hits you with a +3 falchion! The wight misses you.
You shoot an arrow. The arrow closely misses the wight.
The wight closely misses you. The wight misses you.
You shoot an arrow. The arrow hits the wight!
The wight is severely damaged.
The wight misses you. The wight barely misses you.
You shoot an arrow. The arrow hits the wight.
The wight is almost destroyed.
The wight hits you but does no damage. The wight hits you with a +2 scimitar!
4017 ||| READING 2 scrolls of teleportation.
As you read the scroll of teleportation, it crumbles to dust.
You feel strangely unstable. The wight misses you.
The wight closely misses you.
You shoot an arrow. The arrow barely misses the wight.
The wight hits you with a +3 falchion!
You die...

.# #..............+.....
##############....^........#.....
##.....##...##.............#.....
#......#....##.......####'###....
#......'....###########....##....
##.....#....+....................
##.....##...##...................
######'##...##...................
##.....##......z@z...............
.....................##....##....
##...................#####+##....
##.....................>.........
.#..........##.......##..........
##.....##...###########..........
#########...#........##....##....
.#......#...#........##....##....
##......#...#........#.....######


You could see 2 wights.

Vanquished Creatures
  Menkaure (D:5)
  2 centaurs (D:5)
  5 scorpions
  3 hounds (D:5)
  An orc priest (D:4)
  A jelly (D:5)
  3 iguanas (D:5)
  Jessica (D:3)
  An orc wizard (D:4)
  Robin (D:2)
  6 adders
  2 shadow imps
  A white imp (D:5)
  An ufetubus (D:5)
  2 dart slugs
  A ribbon worm (D:2)
  3 orcs
  7 endoplasms
  2 giant cockroaches (D:1)
  17 goblins
  5 hobgoblins
  7 jackals
  4 kobolds
  2 quokkas
  6 ball pythons
  2 bats (D:2)
  4 frilled lizards
  7 rats
98 creatures vanquished.

Notes
Turn   | Place    | Note
-------+----------+-------------------------------------------
     0 | D:1      | qw the Djinni Hunter began the quest for the Orb.
     0 | D:1      | Reached XP level 1. HP: 18/18 MP: 0/0
     0 | D:1      | 0 ||| qw: Version: 0.3-a-136-gdd3b4e8
     0 | D:1      | 0 ||| qw: Game counter: 1444
     0 | D:1      | 0 ||| qw: Melee chars always use a shield: true
     0 | D:1      | 0 ||| qw: God list: Okawaru
     0 | D:1      | 0 ||| qw: Allow faded altars: false
     0 | D:1      | 0 ||| qw: Do Orc after clearing Dungeon:15 true
     0 | D:1      | 0 ||| qw: Do second Lair branch before Depths: true
     0 | D:1      | 0 ||| qw: Lair rune preference: random
     0 | D:1      | 0 ||| qw: Goals: Normal
     0 | D:1      | 0 ||| PLANNING D:1-11
    91 | D:1      | Reached XP level 2. HP: 23/23 MP: 0/0
    94 | D:1      | You are sucked into a shaft and drop 1 floor!
   188 | D:2      | Reached XP level 3. HP: 28/28 MP: 0/0
   188 | D:2      | Learned a level 1 spell: Sandblast
   189 | D:2      | Noticed Robin
   193 | D:2      | Reached skill level 4 in Ranged Weapons
   204 | D:2      | Killed Robin
   326 | D:2      | 326 ||| UPGRADING to +0 helmet.
   331 | D:2      | 331 ||| READING scroll labelled QIPHYI CIWIU.
   335 | D:2      | 335 ||| READING scroll labelled IHALUTIO WIDGH.
   335 | D:2      | 335 ||| IDENTIFYING viscous golden potion
   336 | D:2      | 336 ||| DRINKING potion of mutation.
   336 | D:2      | Gained mutation: A frigid envelope surrounds you and
                  | freezes all who hurt you. [potion of mutation]
   337 | D:2      | 337 ||| DROPPING scroll of butterflies.
   424 | D:1      | Reached XP level 4. HP: 34/34 MP: 0/0
   442 | D:1      | Reached skill level 3 in Fighting
   818 | D:1      | 818 ||| READING scroll labelled LIJOTR HAKIVAF.
   967 | D:2      | 967 ||| DRINKING potion of mutation.
   967 | D:2      | Lost mutation: A frigid envelope surrounds you and freezes
                  | all who hurt you. [potion of mutation]
   967 | D:2      | Gained mutation: You expend health (3 HP) to strengthen
                  | your wands. [potion of mutation]
   967 | D:2      | Gained mutation: You have supernaturally acute eyesight.
                  | (SInv) [potion of mutation]
  1162 | D:2      | Found Bofucoutsi's Magic Scroll Shoppe.
  1166 | D:2      | 1166 ||| BUYING scroll of identify (26 gold).
  1166 | D:2      | Bought a scroll of identify for 26 gold pieces
  1166 | D:2      | 1166 ||| BUYING scroll of identify (26 gold).
  1166 | D:2      | Bought a scroll of identify for 26 gold pieces
  1166 | D:2      | 1166 ||| SHOPLISTING scroll of teleportation (39 gold, have
                  | 27).
  1433 | D:2      | 1433 ||| UPGRADING to +0 cloak.
  1438 | D:2      | 1438 ||| DROPPING ring of see invisible.
  1439 | D:2      | 1439 ||| READING 2 scrolls of identify.
  1439 | D:2      | 1439 ||| IDENTIFYING metallic grey potion
  1440 | D:2      | 1440 ||| READING scroll of identify.
  1440 | D:2      | 1440 ||| IDENTIFYING sedimented coppery potion
  1441 | D:2      | 1441 ||| READING scroll labelled PEHUMM QEESH.
  1441 | D:2      | 1441 ||| ENCHANTING +0 shortbow.
  1442 | D:2      | 1442 ||| DROPPING potion of lignification.
  1484 | D:3      | Identified the +5 spear "Tejiskeop" {flame, ^Contam rC+ rN+
                  | Will+}
  1501 | D:3      | Reached skill level 3 in Dodging
  1634 | D:3      | Noticed a scorpion
  1645 | D:3      | Killed a scorpion
  1646 | D:3      | Reached XP level 5. HP: 25/40 MP: 0/0
  1646 | D:3      | Learned a level 2 spell: Momentum Strike
  1874 | D:3      | Noticed Jessica
  1878 | D:3      | Killed Jessica
  1879 | D:3      | Reached XP level 6. HP: 46/46 MP: 0/0
  2032 | D:3      | Found a faded altar of an unknown god.
  2151 | D:3      | Found an ornate altar of the Wu Jian Council.
  2315 | D:3      | 2315 ||| UPGRADING to +2 robe of positive energy.
  2325 | D:3      | 2325 ||| DROPPING +0 leather armour.
  2443 | D:4      | 2443 ||| READING scroll of identify.
  2443 | D:4      | 2443 ||| IDENTIFYING fuming coppery potion
  2444 | D:4      | 2444 ||| DROPPING potion of attraction.
  2469 | D:4      | Reached skill level 5 in Ranged Weapons
  2566 | D:4      | Found a white marble altar of Elyvilon.
  2692 | D:4      | Reached XP level 7. HP: 20/50 MP: 0/0
  2692 | D:4      | Learned a level 3 spell: Frozen Ramparts
  2972 | D:4      | 2972 ||| DROPPING ring of wizardry.
  2973 | D:4      | 2973 ||| READING scroll of identify.
  2973 | D:4      | 2973 ||| IDENTIFYING viscous emerald potion
  2974 | D:4      | 2974 ||| READING scroll labelled SOUTYTZ BEDUE.
  2975 | D:4      | 2975 ||| READING scroll labelled MOETAA BAUSE.
  3001 | D:5      | Entered Level 5 of the Dungeon
  3004 | D:5      | Found a staircase to the Ecumenical Temple.
  3005 | D:5      | 3005 ||| PLANNING TEMPLE
  3016 | Temple   | Entered the Ecumenical Temple
  3017 | Temple   | 3017 ||| PLANNING OKAWARU WORSHIP
  3021 | Temple   | Became a worshipper of Warmaster Okawaru
  3022 | Temple   | 3022 ||| PLANNING D:1-11
  3373 | D:5      | 3373 ||| SWAPPING to +0 orcbow.
  3374 | D:5      | 3374 ||| DROPPING +1 shortbow.
  3454 | D:5      | Noticed Menkaure
  3461 | D:5      | 3461 ||| RETREEEEATING.
  3472 | D:5      | HP: 10/53 [??? (6)]
  3473 | D:5      | 3473 ||| READING 4 scrolls of teleportation.
  3476 | D:5      | 3476 ||| READING 3 scrolls of teleportation.
  3477 | D:5      | 3477 ||| FLEEEEING.
  3478 | D:5      | 3478 ||| FLEEEEING.
  3638 | D:5      | Reached XP level 8. HP: 58/58 MP: 0/0
  3661 | D:5      | Reached skill level 6 in Ranged Weapons
  3664 | D:5      | Reached * piety under Okawaru
  3869 | D:5      | 3869 ||| UPGRADING to +6 ring of strength.
  3870 | D:5      | 3870 ||| READING scroll labelled IRAGUTREDU.
  3992 | D:5      | Killed Menkaure
  3993 | D:5      | Reached skill level 1 in Invocations
  4001 | D:6      | 4001 ||| STAIRDANCE
  4008 | D:6      | 4008 ||| STAIRDANCE
  4016 | D:5      | HP: 4/58 [wight/+2 scimitar (14)]
  4017 | D:5      | 4017 ||| READING 2 scrolls of teleportation.
  4018 | D:5      | Slain by a wight

Levels and vault maps discovered:
D:1:      reono_arrival_forest_river, layout_rooms, kennysheep_boxes
D:2:      layout_loops_ring, serial_shops, shop, uniq_robin
D:3:      layout_basic, nicolae_overflow_ecumenical_swirl,
          nicolae_wu_jian_immortal_techniques, nicolae_figureground_sparkle,
          uniq_jessica
D:4:      layout_rooms, elyvilon_altar_3
D:5:      layout_gridville, lemuel_doored_altar, temple_pool_b, uniq_menkaure
D:6:      layout_cave_pools, cheibriados_altar_1, amcnicky_altar_gilded,
          serial_demonic, serial_demonic_e, serial_demonic_d, serial_demonic_b,
          serial_demonic_a, serial_demonic_a, kb_lookout_dungeons_type
Temple:   hellmonk_temple_of_storms

Skill      XL: |  1  2  3  4  5  6  7  8 |
---------------+-------------------------+-----
Ranged Weapons | 4 5 6 |  6.1
Fighting       | 3 4 |  4.4
Dodging        | 3 4 5 |  5.2
Armour         | 2 |  2.4
Invocations    | 2 |  2.0
Stealth        | |  0.7

Action                     |  1- 3 |  4- 6 |  7- 9 || total
---------------------------+-------+-------+-------++-------
   Fire: Shortbow          |    71 |   157 |    59 ||   287
         Orcbow            |       |       |    61 ||    61
    Use: Scroll            |     2 |     5 |     7 ||    14
         Potion            |     1 |     1 |       ||     2
 Armour: Leather armour    |     9 |    18 |       ||    27
         Robe              |       |    26 |    41 ||    67
  Dodge: Dodged            |    12 |    52 |    70 ||   134

Table legend:
 A = Non-vault XP
 B = Vault XP
 C = Vault XP percentage of total XP
 D = Non-vault monster count
 E = Vault monster count
 F = Vault count percentage of total count
                 A         B        C        D         E       F
            +---------+---------+-------+---------+---------+-------
      Total |    1218 |     263 |  17.8 |      83 |      15 |  15.3
            +---------+---------+-------+---------+---------+-------
        D:1 |      36 |       0 |   0.0 |      23 |       0 |   0.0
        D:2 |      35 |      35 |  50.0 |      13 |      11 |  45.8
        D:3 |     134 |      37 |  21.6 |      16 |       1 |   5.9
        D:4 |     274 |       0 |   0.0 |      14 |       0 |   0.0
        D:5 |     739 |     180 |  19.6 |      17 |       2 |  10.5
        D:6 |       0 |      11 | 100.0 |       0 |       1 | 100.0
            +---------+---------+-------+---------+---------+-------
